[ PARTIDA AOE2 · #467468569 ]
UnrankedEspañoles vs Bohemians
[ ANÁLISIS DE REPETICIÓN · EXTRAÍDO DE LA PARTIDA GRABADA ]
Feudal
11:12
Castillos
18:16
Imperial
36:54
| APM promedio | 20.6 |
| APM pico | 44 |
| eAPM promedio | 14.1 |
| Aldeanos / militares | 176 / 232 |
Foco
⚔️ 25.1% · 🌾 74.9%
Spearman ×94 · Skirmisher ×78 · Archer ×55 · Trade Cart ×20 · Conquistador ×5
Feudal
11:28
Castillos
15:31
Imperial
30:38
| APM promedio | 31.6 |
| APM pico | 80 |
| eAPM promedio | 18.1 |
| Aldeanos / militares | 200 / 225 |
Foco
⚔️ 17.9% · 🌾 82.1%
Skirmisher ×112 · Spearman ×60 · Bombard Cannon ×49 · Trade Cart ×36 · Monk ×4
Feudal
11:18
Castillos
16:04
Imperial
34:52
| APM promedio | 17.7 |
| APM pico | 54 |
| eAPM promedio | 15.0 |
| Aldeanos / militares | 183 / 247 |
Foco
⚔️ 21.0% · 🌾 79.0%
Scout Cavalry ×90 · Scorpion ×86 · Trade Cart ×52 · Spearman ×43 · Battle Elephant ×25 · Trebuchet (Packed) ×2
Feudal
10:39
Castillos
15:18
Imperial
32:14
| APM promedio | 32.1 |
| APM pico | 64 |
| eAPM promedio | 24.7 |
| Aldeanos / militares | 330 / 352 |
Foco
⚔️ 18.1% · 🌾 81.9%
Knight ×337 · Trade Cart ×35 · War Elephant ×15
Feudal
11:01
Castillos
14:37
Imperial
30:19
| APM promedio | 27.5 |
| APM pico | 63 |
| eAPM promedio | 16.7 |
| Aldeanos / militares | 154 / 145 |
Foco
⚔️ 25.0% · 🌾 75.0%
Mangudai ×108 · Trade Cart ×44 · Mangonel ×37
Feudal
10:14
Castillos
13:32
Imperial
29:09
| APM promedio | 34.2 |
| APM pico | 58 |
| eAPM promedio | 24.4 |
| Aldeanos / militares | 183 / 662 |
Foco
⚔️ 36.2% · 🌾 63.8%
Karambit Warrior ×335 · Archer ×295 · Trade Cart ×40 · Bombard Cannon ×23 · Trebuchet (Packed) ×7 · Monk ×2
Feudal
17:42
Castillos
30:47
Imperial
45:09
| APM promedio | 12.2 |
| APM pico | 43 |
| eAPM promedio | 11.8 |
| Aldeanos / militares | 197 / 0 |
Foco
⚔️ 10.3% · 🌾 89.7%
Trade Cart ×99
Feudal
10:54
Castillos
18:31
Imperial
39:17
| APM promedio | 18.5 |
| APM pico | 44 |
| eAPM promedio | 15.6 |
| Aldeanos / militares | 178 / 148 |
Foco
⚔️ 28.4% · 🌾 71.6%
Archer ×61 · Hussite Wagon ×60 · Trade Cart ×53 · Hand Cannoneer ×12 · Knight ×11 · Spearman ×4
Mapa de la partida
Recursos iniciales + cada clic de construcción. Líneas = muros · curvas = relieve. ◆ oro · ⬟ piedra · ● bayas · ✦ reliquia · ◌ hueco del cierre
Tu base· ✓ Cerrada en 18:16 · 23t muro · 2 puerta(s)
Base de NightmarE· ✓ Cerrada en 15:31 · 0t muro · sin puerta
Base de WoolenRex608259· Abierta — flanco sin cerrar
Base de kyk0· ✓ Cerrada en 15:18 · 0t muro · sin puerta
Base de AK47· ✓ Cerrada en 14:37 · 0t muro · sin puerta
Base de kasap_hasan· Abierta — flanco sin cerrar
Base de FeRcHuZ· ✓ Cerrada en 30:47 · 0t muro · sin puerta
Base de felipeMT· ✓ Cerrada en 18:31 · 0t muro · sin puerta
Terreno inicial suavizado · ◌ = hueco del cierre detectado · pasá el cursor para detalles
Inputs por minuto
— 403 - - NightmarE
Build order — 403
Primeras 150 de 449 acciones detectadas
| 0:03 | Construir | House |
| 0:06 | Construir | House |
| 0:07 | Crear | Villager (Male) ×4 |
| 1:30 | Crear | Villager (Male) |
| 1:58 | Construir | Lumber Camp |
| 2:21 | Crear | Villager (Male) |
| 2:21 | Crear | Villager (Male) |
| 3:04 | Crear | Villager (Male) |
| 3:04 | Crear | Villager (Male) |
| 3:31 | Crear | Villager (Male) |
| 3:32 | Crear | Villager (Male) |
| 4:02 | Construir | House |
| 4:33 | Crear | Villager (Male) |
| 4:33 | Crear | Villager (Male) |
| 4:59 | Crear | Villager (Male) |
| 4:59 | Crear | Villager (Male) |
| 5:00 | Crear | Villager (Male) |
| 5:21 | Crear | Villager (Male) |
| 5:21 | Crear | Villager (Male) |
| 5:29 | Construir | Mill |
| 6:19 | Construir | House |
| 6:45 | Investigar | Loom |
| 6:47 | Crear | Villager (Male) |
| 6:48 | Crear | Villager (Male) |
| 6:48 | Crear | Villager (Male) |
| 6:48 | Crear | Villager (Male) |
| 8:07 | Crear | Villager (Male) |
| 8:16 | Construir | Mining Camp |
| 8:27 | Crear | Villager (Male) |
| 9:02 | Investigar | Feudal Age |
| 9:59 | Construir | Lumber Camp |
| 11:05 | Construir | Barracks |
| 11:12 | Edad | Edad Feudal |
| 11:14 | Crear | Villager (Male) ×5 |
| 11:34 | Construir | House |
| 12:23 | Construir | Stone Wall |
| 12:31 | Construir | Gate |
| 12:32 | Construir | Gate |
| 12:48 | Construir | Gate |
| 12:53 | Construir | Stone Wall |
| 13:01 | Construir | House |
| 13:05 | Crear | Villager (Male) |
| 13:06 | Crear | Villager (Male) |
| 13:25 | Construir | Blacksmith |
| 13:28 | Construir | Market |
| 13:39 | Crear | Villager (Male) |
| 13:40 | Crear | Villager (Male) |
| 13:40 | Crear | Villager (Male) |
| 14:02 | Construir | Farm |
| 14:03 | Construir | Farm |
| 14:04 | Construir | Farm |
| 14:06 | Construir | Farm |
| 14:10 | Crear | Villager (Male) |
| 14:21 | Construir | House |
| 14:52 | Construir | Mining Camp |
| 15:29 | Construir | Farm |
| 15:32 | Construir | Farm |
| 15:36 | Investigar | Castle Age |
| 15:55 | Construir | Farm |
| 16:11 | Investigar | Double-Bit Axe |
| 16:11 | Investigar | Double-Bit Axe |
| 16:29 | Crear | Spearman |
| 16:35 | Crear | Spearman |
| 16:50 | Crear | Spearman |
| 18:16 | Edad | Edad de los Castillos |
| 18:19 | Construir | Town Center |
| 18:21 | Crear | Villager (Male) |
| 18:21 | Crear | Villager (Male) |
| 18:22 | Crear | Villager (Male) |
| 18:23 | Crear | Villager (Male) |
| 18:47 | Construir | Town Center |
| 18:57 | Crear | Villager (Male) |
| 19:05 | Construir | House |
| 19:06 | Construir | House |
| 19:08 | Construir | House |
| 19:10 | Construir | House |
| 19:12 | Construir | House |
| 19:14 | Construir | House |
| 19:24 | Construir | House |
| 19:28 | Construir | House |
| 19:30 | Construir | House |
| 19:31 | Construir | House |
| 19:39 | Crear | Villager (Male) |
| 19:40 | Crear | Villager (Male) |
| 19:40 | Crear | Villager (Male) |
| 19:41 | Crear | Villager (Male) |
| 19:41 | Crear | Villager (Male) |
| 19:41 | Crear | Villager (Male) |
| 20:06 | Construir | Lumber Camp |
| 20:12 | Crear | Villager (Male) |
| 20:12 | Crear | Villager (Male) |
| 20:29 | Construir | Farm |
| 20:30 | Construir | Farm |
| 20:34 | Construir | Farm |
| 20:39 | Construir | Farm |
| 20:42 | Crear | Villager (Male) |
| 20:42 | Crear | Villager (Male) |
| 20:50 | Construir | Farm |
| 20:54 | Construir | Farm |
| 20:55 | Construir | Farm |
| 20:57 | Construir | Farm |
| 20:57 | Construir | Farm |
| 20:58 | Construir | Farm |
| 20:58 | Construir | Farm |
| 20:58 | Construir | Farm |
| 20:58 | Construir | Farm |
| 20:59 | Construir | Farm |
| 20:59 | Construir | Farm |
| 20:59 | Construir | Farm |
| 21:00 | Construir | Farm |
| 21:00 | Construir | Farm |
| 21:00 | Construir | Farm |
| 21:00 | Construir | Farm |
| 21:01 | Construir | Farm |
| 21:01 | Construir | Farm |
| 21:01 | Construir | Farm |
| 21:02 | Construir | Farm |
| 21:02 | Construir | Farm |
| 21:02 | Construir | Farm |
| 21:05 | Construir | Farm |
| 21:08 | Crear | Villager (Male) |
| 21:12 | Crear | Villager (Male) |
| 21:27 | Crear | Villager (Male) |
| 21:40 | Crear | Villager (Male) |
| 21:40 | Crear | Villager (Male) |
| 22:05 | Crear | Villager (Male) |
| 22:16 | Crear | Villager (Male) |
| 22:20 | Crear | Villager (Male) |
| 22:27 | Construir | Farm |
| 22:28 | Construir | Farm |
| 22:30 | Construir | Farm |
| 22:34 | Construir | Farm |
| 22:48 | Crear | Villager (Male) |
| 22:50 | Crear | Villager (Male) |
| 23:39 | Crear | Villager (Male) |
| 23:40 | Crear | Villager (Male) |
| 23:41 | Crear | Villager (Male) |
| 23:42 | Crear | Villager (Male) |
| 23:46 | Construir | Farm |
| 23:50 | Construir | Farm |
| 23:54 | Crear | Villager (Male) |
| 23:57 | Crear | Villager (Male) |
| 24:09 | Construir | Town Center |
| 24:18 | Construir | House |
| 24:19 | Construir | House |
| 24:20 | Construir | House |
| 24:22 | Construir | House |
| 24:24 | Construir | House |
| 24:26 | Construir | House |
| 24:32 | Construir | House |
Build order — NightmarE
Primeras 150 de 411 acciones detectadas
| 0:03 | Crear | Villager (Male) |
| 0:03 | Investigar | Loom |
| 0:04 | Crear | Villager (Male) ×3 |
| 0:07 | Construir | House |
| 0:09 | Construir | House |
| 1:32 | Crear | Villager (Male) |
| 2:38 | Crear | Villager (Male) |
| 2:57 | Crear | Villager (Male) |
| 3:20 | Construir | Lumber Camp |
| 3:27 | Crear | Villager (Male) |
| 3:28 | Crear | Villager (Male) |
| 3:28 | Crear | Villager (Male) |
| 3:37 | Construir | House |
| 4:32 | Crear | Villager (Male) |
| 4:32 | Crear | Villager (Male) |
| 4:32 | Crear | Villager (Male) |
| 4:47 | Crear | Villager (Male) |
| 5:46 | Construir | Mill |
| 5:49 | Crear | Villager (Male) |
| 5:50 | Crear | Villager (Male) |
| 6:11 | Construir | House |
| 6:54 | Crear | Villager (Male) |
| 6:54 | Crear | Villager (Male) |
| 7:42 | Construir | Mining Camp |
| 7:49 | Crear | Villager (Male) |
| 7:49 | Crear | Villager (Male) |
| 7:49 | Crear | Villager (Male) |
| 8:44 | Investigar | Feudal Age |
| 9:05 | Crear | Villager (Male) |
| 10:52 | Construir | Farm |
| 10:53 | Construir | Farm |
| 11:08 | Construir | House |
| 11:25 | Construir | Farm |
| 11:27 | Crear | Villager (Male) |
| 11:28 | Crear | Villager (Male) |
| 11:28 | Crear | Villager (Male) |
| 11:28 | Edad | Edad Feudal |
| 11:39 | Construir | Blacksmith |
| 11:50 | Construir | Market |
| 12:15 | Construir | Farm |
| 12:42 | Investigar | Castle Age |
| 13:00 | Construir | Farm |
| 13:07 | Construir | Farm |
| 13:14 | Construir | Farm |
| 13:22 | Construir | Farm |
| 13:31 | Construir | House |
| 13:34 | Construir | House |
| 14:37 | Construir | Farm |
| 14:39 | Construir | Farm |
| 14:40 | Construir | Farm |
| 14:43 | Investigar | Double-Bit Axe |
| 14:46 | Investigar | Horse Collar |
| 15:08 | Construir | House |
| 15:25 | Crear | Villager (Male) |
| 15:26 | Crear | Villager (Male) |
| 15:26 | Crear | Villager (Male) |
| 15:26 | Crear | Villager (Male) |
| 15:27 | Crear | Villager (Male) |
| 15:27 | Crear | Villager (Male) |
| 15:28 | Crear | Villager (Male) |
| 15:28 | Crear | Villager (Male) |
| 15:31 | Edad | Edad de los Castillos |
| 16:26 | Construir | Town Center |
| 16:36 | Construir | House |
| 16:42 | Crear | Villager (Male) |
| 17:02 | Crear | Villager (Male) |
| 17:02 | Crear | Villager (Male) |
| 17:03 | Crear | Villager (Male) |
| 17:03 | Crear | Villager (Male) |
| 17:03 | Crear | Villager (Male) |
| 17:04 | Crear | Villager (Male) |
| 17:04 | Crear | Villager (Male) |
| 17:20 | Construir | House |
| 17:25 | Crear | Villager (Male) |
| 17:26 | Crear | Villager (Male) |
| 17:26 | Crear | Villager (Male) |
| 17:26 | Crear | Villager (Male) |
| 17:27 | Crear | Villager (Male) |
| 17:41 | Construir | Farm |
| 17:42 | Construir | Farm |
| 17:44 | Construir | Farm |
| 17:45 | Construir | Farm |
| 17:54 | Construir | House |
| 18:10 | Construir | Farm |
| 18:19 | Crear | Villager (Male) |
| 18:20 | Crear | Villager (Male) |
| 18:55 | Construir | Town Center |
| 19:09 | Crear | Villager (Male) |
| 19:10 | Crear | Villager (Male) |
| 19:36 | Construir | Monastery |
| 19:43 | Crear | Villager (Male) |
| 19:43 | Crear | Villager (Male) |
| 19:44 | Crear | Villager (Male) |
| 19:44 | Crear | Villager (Male) |
| 19:44 | Crear | Villager (Male) |
| 19:45 | Investigar | Wheelbarrow |
| 20:05 | Crear | Villager (Male) |
| 20:06 | Crear | Villager (Male) |
| 20:06 | Crear | Villager (Male) |
| 20:06 | Crear | Villager (Male) |
| 20:18 | Construir | Farm |
| 20:19 | Construir | Farm |
| 20:20 | Construir | Farm |
| 20:22 | Construir | Farm |
| 20:24 | Construir | Farm |
| 20:32 | Crear | Villager (Male) |
| 20:34 | Crear | Villager (Male) |
| 20:34 | Crear | Villager (Male) |
| 20:35 | Crear | Villager (Male) |
| 20:35 | Crear | Villager (Male) |
| 20:43 | Construir | University |
| 20:48 | Crear | Villager (Male) |
| 20:59 | Construir | Farm |
| 21:00 | Construir | Farm |
| 21:02 | Construir | Farm |
| 21:04 | Construir | Farm |
| 21:07 | Construir | Farm |
| 21:18 | Investigar | Bow Saw |
| 21:27 | Crear | Villager (Male) |
| 21:27 | Crear | Villager (Male) |
| 21:31 | Construir | Farm |
| 21:39 | Crear | Villager (Male) |
| 21:48 | Construir | Farm |
| 21:49 | Construir | Farm |
| 21:51 | Construir | Farm |
| 21:56 | Construir | House |
| 21:56 | Construir | House |
| 21:57 | Construir | House |
| 21:58 | Construir | House |
| 21:59 | Construir | House |
| 22:03 | Crear | Villager (Male) |
| 22:04 | Crear | Villager (Male) |
| 22:04 | Crear | Villager (Male) |
| 22:12 | Construir | Farm |
| 22:13 | Construir | Farm |
| 22:14 | Construir | Farm |
| 22:21 | Crear | Villager (Male) |
| 22:21 | Crear | Villager (Male) |
| 22:28 | Crear | Villager (Male) |
| 22:33 | Crear | Villager (Male) |
| 22:41 | Crear | Villager (Male) |
| 22:52 | Construir | Farm |
| 22:54 | Construir | Farm |
| 22:55 | Construir | Farm |
| 22:56 | Construir | Farm |
| 22:59 | Construir | Farm |
| 23:02 | Construir | Farm |
| 23:08 | Crear | Villager (Male) |
| 23:08 | Crear | Villager (Male) |
| 23:09 | Crear | Villager (Male) |
Build order — WoolenRex608259
Primeras 150 de 473 acciones detectadas
| 0:03 | Construir | House |
| 0:05 | Construir | House |
| 0:06 | Crear | Villager (Male) |
| 0:06 | Crear | Villager (Male) |
| 0:06 | Crear | Villager (Male) |
| 0:06 | Crear | Villager (Male) |
| 0:07 | Crear | Villager (Male) |
| 1:35 | Crear | Villager (Male) |
| 2:16 | Crear | Villager (Male) |
| 2:17 | Crear | Villager (Male) |
| 2:22 | Construir | Lumber Camp |
| 2:54 | Crear | Villager (Male) |
| 2:54 | Crear | Villager (Male) |
| 3:10 | Crear | Villager (Male) |
| 3:10 | Crear | Villager (Male) |
| 3:53 | Crear | Villager (Male) |
| 4:23 | Crear | Villager (Male) |
| 4:24 | Crear | Villager (Male) |
| 4:29 | Construir | Mill |
| 4:55 | Crear | Villager (Male) |
| 4:55 | Crear | Villager (Male) |
| 5:01 | Construir | House |
| 5:19 | Crear | Villager (Male) |
| 5:49 | Crear | Villager (Male) |
| 6:04 | Crear | Villager (Male) |
| 6:21 | Construir | House |
| 7:28 | Crear | Villager (Male) |
| 7:29 | Crear | Villager (Male) |
| 8:02 | Crear | Villager (Male) |
| 8:40 | Crear | Villager (Male) |
| 9:07 | Investigar | Feudal Age |
| 9:54 | Construir | Mining Camp |
| 10:01 | Crear | Villager (Male) |
| 10:01 | Crear | Villager (Male) |
| 10:55 | Construir | House |
| 10:57 | Construir | House |
| 11:18 | Edad | Edad Feudal |
| 11:47 | Crear | Villager (Male) |
| 11:55 | Construir | Farm |
| 11:56 | Construir | Farm |
| 11:57 | Construir | Farm |
| 11:58 | Construir | Farm |
| 12:09 | Construir | Farm |
| 12:19 | Crear | Villager (Male) |
| 12:38 | Construir | Farm |
| 12:39 | Construir | Farm |
| 12:39 | Construir | Farm |
| 12:40 | Construir | Farm |
| 12:41 | Construir | Farm |
| 12:42 | Construir | Farm |
| 12:43 | Construir | Farm |
| 12:50 | Crear | Villager (Male) |
| 12:58 | Construir | House |
| 13:14 | Construir | Mining Camp |
| 13:24 | Investigar | Castle Age |
| 15:09 | Investigar | Stone Mining |
| 15:15 | Crear | Villager (Male) |
| 15:15 | Crear | Villager (Male) |
| 15:35 | Construir | Stone Wall |
| 16:04 | Edad | Edad de los Castillos |
| 16:15 | Construir | Town Center |
| 16:29 | Construir | Town Center |
| 16:42 | Crear | Villager (Male) |
| 16:42 | Crear | Villager (Male) |
| 16:45 | Crear | Villager (Male) |
| 16:45 | Crear | Villager (Male) |
| 17:01 | Construir | Market |
| 17:04 | Construir | Market |
| 17:22 | Construir | Stone Wall |
| 17:41 | Crear | Villager (Male) |
| 17:41 | Crear | Villager (Male) |
| 17:53 | Investigar | Double-Bit Axe |
| 17:56 | Investigar | Horse Collar |
| 18:41 | Crear | Villager (Male) |
| 18:41 | Crear | Villager (Male) |
| 18:41 | Crear | Villager (Male) |
| 18:42 | Crear | Villager (Male) |
| 18:42 | Crear | Villager (Male) |
| 18:50 | Crear | Villager (Male) |
| 18:51 | Crear | Villager (Male) |
| 18:51 | Crear | Villager (Male) |
| 18:51 | Crear | Villager (Male) |
| 18:54 | Crear | Villager (Male) |
| 18:55 | Crear | Villager (Male) |
| 19:13 | Construir | Stone Wall |
| 19:17 | Construir | Gate |
| 19:26 | Crear | Villager (Male) |
| 19:26 | Crear | Villager (Male) |
| 19:27 | Crear | Villager (Male) |
| 19:28 | Crear | Villager (Male) |
| 19:28 | Crear | Villager (Male) |
| 19:47 | Investigar | Gold Mining |
| 19:59 | Crear | Villager (Male) |
| 19:59 | Crear | Villager (Male) |
| 20:00 | Crear | Villager (Male) |
| 20:08 | Construir | Farm |
| 20:09 | Construir | Farm |
| 20:10 | Construir | Farm |
| 20:11 | Construir | Farm |
| 20:11 | Construir | Farm |
| 20:12 | Construir | Farm |
| 20:28 | Construir | Market |
| 20:33 | Crear | Villager (Male) |
| 20:34 | Crear | Villager (Male) |
| 20:34 | Crear | Villager (Male) |
| 20:45 | Construir | Town Center |
| 21:00 | Construir | House |
| 21:05 | Construir | House |
| 21:06 | Construir | House |
| 21:07 | Construir | House |
| 21:09 | Construir | House |
| 21:10 | Construir | House |
| 21:11 | Construir | House |
| 21:13 | Construir | House |
| 21:16 | Construir | House |
| 21:18 | Construir | House |
| 21:20 | Construir | House |
| 21:21 | Construir | House |
| 21:32 | Construir | Farm |
| 21:32 | Construir | Farm |
| 21:53 | Crear | Villager (Male) |
| 21:53 | Crear | Villager (Male) |
| 21:54 | Crear | Villager (Male) |
| 21:54 | Crear | Villager (Male) |
| 21:54 | Crear | Villager (Male) |
| 22:13 | Crear | Villager (Male) |
| 22:13 | Crear | Villager (Male) |
| 22:14 | Crear | Villager (Male) |
| 22:48 | Construir | Monastery |
| 22:55 | Construir | Farm |
| 22:59 | Crear | Villager (Male) |
| 22:59 | Crear | Villager (Male) |
| 23:06 | Construir | Lumber Camp |
| 23:12 | Crear | Villager (Male) |
| 23:12 | Crear | Villager (Male) |
| 23:12 | Crear | Villager (Male) |
| 23:12 | Crear | Villager (Male) |
| 23:15 | Crear | Villager (Male) |
| 23:15 | Crear | Villager (Male) |
| 23:16 | Crear | Villager (Male) |
| 23:18 | Crear | Villager (Male) |
| 23:38 | Crear | Villager (Male) |
| 23:39 | Crear | Villager (Male) |
| 23:39 | Crear | Villager (Male) |
| 23:43 | Crear | Villager (Male) |
| 23:53 | Construir | Farm |
| 23:54 | Construir | Farm |
| 23:55 | Construir | Farm |
| 23:56 | Construir | Farm |
| 23:57 | Construir | Farm |
Build order — kyk0
Primeras 150 de 639 acciones detectadas
| 0:01 | Crear | Villager (Male) ×5 |
| 0:01 | Crear | Villager (Male) |
| 0:01 | Crear | Villager (Male) |
| 0:01 | Crear | Villager (Male) |
| 0:01 | Crear | Villager (Male) |
| 0:01 | Crear | Villager (Male) |
| 0:01 | Crear | Villager (Male) |
| 0:01 | Crear | Villager (Male) |
| 0:01 | Crear | Villager (Male) |
| 0:03 | Construir | House |
| 0:04 | Construir | House |
| 1:25 | Crear | Villager (Male) |
| 1:25 | Crear | Villager (Male) |
| 1:25 | Crear | Villager (Male) |
| 1:25 | Crear | Villager (Male) |
| 1:25 | Crear | Villager (Male) |
| 1:25 | Crear | Villager (Male) |
| 2:02 | Crear | Villager (Male) |
| 2:03 | Crear | Villager (Male) |
| 2:03 | Crear | Villager (Male) |
| 2:03 | Crear | Villager (Male) |
| 2:03 | Crear | Villager (Male) |
| 2:15 | Crear | Villager (Male) |
| 2:15 | Crear | Villager (Male) |
| 2:15 | Crear | Villager (Male) |
| 2:15 | Crear | Villager (Male) |
| 2:15 | Crear | Villager (Male) |
| 2:30 | Construir | Lumber Camp |
| 2:47 | Crear | Villager (Male) |
| 2:47 | Crear | Villager (Male) |
| 2:47 | Crear | Villager (Male) |
| 2:47 | Crear | Villager (Male) |
| 2:47 | Crear | Villager (Male) |
| 2:47 | Crear | Villager (Male) |
| 2:47 | Crear | Villager (Male) |
| 3:13 | Crear | Villager (Male) |
| 3:13 | Crear | Villager (Male) |
| 3:13 | Crear | Villager (Male) |
| 3:13 | Crear | Villager (Male) |
| 3:13 | Crear | Villager (Male) |
| 3:13 | Crear | Villager (Male) |
| 3:28 | Crear | Villager (Male) |
| 3:28 | Crear | Villager (Male) |
| 3:28 | Crear | Villager (Male) |
| 3:28 | Crear | Villager (Male) |
| 3:28 | Crear | Villager (Male) |
| 3:48 | Crear | Villager (Male) |
| 3:48 | Crear | Villager (Male) |
| 3:48 | Crear | Villager (Male) |
| 3:48 | Crear | Villager (Male) |
| 3:48 | Crear | Villager (Male) |
| 3:48 | Crear | Villager (Male) |
| 4:05 | Construir | House |
| 4:10 | Construir | House |
| 4:31 | Construir | Mill |
| 4:36 | Crear | Villager (Male) |
| 4:36 | Crear | Villager (Male) |
| 4:36 | Crear | Villager (Male) |
| 4:36 | Crear | Villager (Male) |
| 5:05 | Crear | Villager (Male) |
| 5:05 | Crear | Villager (Male) |
| 5:05 | Crear | Villager (Male) |
| 5:05 | Crear | Villager (Male) |
| 5:05 | Crear | Villager (Male) |
| 5:05 | Crear | Villager (Male) |
| 5:05 | Crear | Villager (Male) |
| 5:37 | Crear | Villager (Male) |
| 5:37 | Crear | Villager (Male) |
| 5:37 | Crear | Villager (Male) |
| 6:14 | Crear | Villager (Male) |
| 7:13 | Crear | Villager (Male) |
| 7:50 | Crear | Villager (Male) |
| 8:12 | Construir | Lumber Camp |
| 8:21 | Construir | Mining Camp |
| 8:26 | Crear | Villager (Male) |
| 8:35 | Investigar | Feudal Age |
| 9:12 | Construir | House |
| 9:40 | Construir | House |
| 10:39 | Edad | Edad Feudal |
| 10:47 | Construir | Blacksmith |
| 11:01 | Construir | Market |
| 11:04 | Crear | Villager (Male) |
| 11:04 | Crear | Villager (Male) |
| 11:46 | Crear | Villager (Male) |
| 12:08 | Crear | Villager (Male) |
| 12:25 | Construir | Farm |
| 12:26 | Construir | Farm |
| 12:41 | Construir | Farm |
| 12:53 | Investigar | Castle Age |
| 12:57 | Construir | Farm |
| 13:13 | Construir | Farm |
| 13:14 | Construir | Farm |
| 13:15 | Investigar | Horse Collar |
| 14:07 | Crear | Villager (Male) |
| 14:07 | Crear | Villager (Male) |
| 14:15 | Investigar | Double-Bit Axe |
| 14:37 | Construir | Farm |
| 14:39 | Construir | Farm |
| 14:40 | Construir | Farm |
| 14:43 | Crear | Villager (Male) |
| 15:18 | Edad | Edad de los Castillos |
| 15:24 | Construir | Town Center |
| 15:29 | Construir | Town Center |
| 15:38 | Investigar | Wheelbarrow |
| 15:43 | Construir | Farm |
| 15:44 | Construir | Farm |
| 15:45 | Construir | Farm |
| 15:49 | Construir | Farm |
| 15:51 | Crear | Villager (Male) |
| 15:51 | Crear | Villager (Male) |
| 16:12 | Crear | Villager (Male) |
| 16:17 | Construir | Farm |
| 16:32 | Construir | Farm |
| 16:33 | Crear | Villager (Male) |
| 16:33 | Crear | Villager (Male) |
| 16:41 | Construir | House |
| 16:46 | Construir | House |
| 16:47 | Crear | Villager (Male) |
| 16:52 | Crear | Villager (Male) |
| 16:52 | Crear | Villager (Male) |
| 16:52 | Crear | Villager (Male) |
| 16:57 | Crear | Villager (Male) |
| 16:57 | Crear | Villager (Male) |
| 16:57 | Crear | Villager (Male) |
| 16:58 | Crear | Villager (Male) |
| 16:58 | Crear | Villager (Male) |
| 16:58 | Crear | Villager (Male) |
| 17:05 | Construir | House |
| 17:13 | Crear | Villager (Male) |
| 17:13 | Crear | Villager (Male) |
| 17:13 | Crear | Villager (Male) |
| 17:13 | Crear | Villager (Male) |
| 17:32 | Crear | Villager (Male) |
| 17:32 | Crear | Villager (Male) |
| 17:32 | Crear | Villager (Male) |
| 17:42 | Construir | Farm |
| 17:48 | Construir | Farm |
| 17:49 | Construir | Farm |
| 17:50 | Crear | Villager (Male) |
| 17:50 | Crear | Villager (Male) |
| 17:50 | Crear | Villager (Male) |
| 17:50 | Crear | Villager (Male) |
| 17:53 | Crear | Villager (Male) |
| 17:53 | Crear | Villager (Male) |
| 17:53 | Crear | Villager (Male) |
| 18:02 | Construir | Farm |
| 18:03 | Crear | Villager (Male) |
| 18:03 | Crear | Villager (Male) |
| 18:03 | Crear | Villager (Male) |
| 18:03 | Crear | Villager (Male) |
Build order — AK47
Primeras 150 de 395 acciones detectadas
| 0:02 | Crear | Villager (Male) |
| 0:04 | Construir | House |
| 0:06 | Construir | House |
| 0:10 | Crear | Villager (Male) |
| 0:10 | Crear | Villager (Male) |
| 0:32 | Crear | Villager (Male) |
| 1:30 | Crear | Villager (Male) |
| 2:14 | Crear | Villager (Male) |
| 2:31 | Crear | Villager (Male) |
| 2:47 | Crear | Villager (Male) |
| 3:14 | Construir | Lumber Camp |
| 3:16 | Crear | Villager (Male) |
| 3:16 | Crear | Villager (Male) |
| 3:27 | Construir | House |
| 4:41 | Crear | Villager (Male) |
| 4:41 | Crear | Villager (Male) |
| 4:41 | Crear | Villager (Male) |
| 4:42 | Crear | Villager (Male) |
| 5:39 | Construir | Mill |
| 6:08 | Crear | Villager (Male) |
| 6:22 | Construir | House |
| 6:37 | Crear | Villager (Male) |
| 6:37 | Crear | Villager (Male) |
| 7:32 | Crear | Villager (Male) |
| 7:33 | Crear | Villager (Male) |
| 7:43 | Construir | Mining Camp |
| 8:06 | Crear | Villager (Male) |
| 8:07 | Crear | Villager (Male) |
| 8:41 | Investigar | Feudal Age |
| 8:47 | Construir | Farm |
| 8:49 | Construir | Farm |
| 9:12 | Crear | Villager (Male) |
| 9:12 | Crear | Villager (Male) |
| 9:53 | Construir | House |
| 9:56 | Construir | House |
| 10:28 | Construir | Farm |
| 11:01 | Edad | Edad Feudal |
| 11:06 | Construir | Market |
| 11:11 | Construir | Blacksmith |
| 11:51 | Investigar | Double-Bit Axe |
| 11:57 | Investigar | Castle Age |
| 11:58 | Investigar | Castle Age |
| 12:20 | Investigar | Horse Collar |
| 13:52 | Crear | Villager (Male) |
| 13:52 | Crear | Villager (Male) |
| 14:37 | Edad | Edad de los Castillos |
| 14:43 | Construir | Town Center |
| 14:51 | Construir | Town Center |
| 14:56 | Investigar | Bow Saw |
| 14:59 | Crear | Villager (Male) |
| 15:39 | Crear | Villager (Male) |
| 15:40 | Crear | Villager (Male) |
| 15:46 | Construir | Farm |
| 15:47 | Construir | Farm |
| 15:53 | Crear | Villager (Male) |
| 15:54 | Crear | Villager (Male) |
| 16:12 | Construir | House |
| 16:17 | Crear | Villager (Male) |
| 16:17 | Crear | Villager (Male) |
| 16:23 | Construir | Farm |
| 16:32 | Construir | Farm |
| 16:34 | Construir | Farm |
| 16:38 | Construir | Farm |
| 16:42 | Crear | Villager (Male) |
| 16:42 | Crear | Villager (Male) |
| 16:43 | Crear | Villager (Male) |
| 16:49 | Construir | Farm |
| 16:52 | Construir | Farm |
| 16:53 | Construir | Farm |
| 17:17 | Construir | Farm |
| 17:20 | Construir | Farm |
| 17:23 | Crear | Villager (Male) |
| 17:23 | Crear | Villager (Male) |
| 17:46 | Construir | Town Center |
| 17:49 | Crear | Villager (Male) |
| 18:00 | Construir | Farm |
| 18:03 | Construir | Farm |
| 18:09 | Crear | Villager (Male) |
| 18:09 | Crear | Villager (Male) |
| 18:14 | Construir | Farm |
| 18:21 | Construir | Farm |
| 18:23 | Crear | Villager (Male) |
| 18:29 | Construir | Farm |
| 18:33 | Construir | Farm |
| 18:37 | Crear | Villager (Male) |
| 18:37 | Crear | Villager (Male) |
| 18:40 | Construir | Farm |
| 18:47 | Construir | House |
| 19:04 | Construir | Farm |
| 19:11 | Investigar | Wheelbarrow |
| 19:21 | Construir | House |
| 19:22 | Construir | House |
| 19:28 | Crear | Villager (Male) |
| 19:28 | Crear | Villager (Male) |
| 19:40 | Construir | Farm |
| 19:42 | Construir | Farm |
| 19:45 | Construir | Farm |
| 19:53 | Construir | Farm |
| 19:55 | Crear | Villager (Male) |
| 19:56 | Crear | Villager (Male) |
| 19:56 | Crear | Villager (Male) |
| 19:56 | Crear | Villager (Male) |
| 20:05 | Construir | Farm |
| 20:06 | Construir | Farm |
| 20:12 | Crear | Villager (Male) |
| 20:13 | Crear | Villager (Male) |
| 20:13 | Crear | Villager (Male) |
| 20:23 | Construir | House |
| 20:26 | Construir | House |
| 20:27 | Construir | House |
| 20:29 | Construir | House |
| 20:32 | Crear | Villager (Male) |
| 20:32 | Crear | Villager (Male) |
| 20:43 | Construir | Farm |
| 20:45 | Construir | Farm |
| 20:49 | Construir | Farm |
| 20:52 | Crear | Villager (Male) |
| 20:52 | Crear | Villager (Male) |
| 20:52 | Crear | Villager (Male) |
| 20:53 | Crear | Villager (Male) |
| 20:53 | Crear | Villager (Male) |
| 21:00 | Construir | Farm |
| 21:01 | Construir | Farm |
| 21:04 | Crear | Villager (Male) |
| 21:14 | Investigar | Gold Mining |
| 21:17 | Crear | Villager (Male) |
| 21:28 | Construir | Farm |
| 21:29 | Construir | Farm |
| 21:30 | Construir | Farm |
| 21:41 | Construir | Farm |
| 21:41 | Construir | Farm |
| 21:44 | Crear | Villager (Male) |
| 21:45 | Crear | Villager (Male) |
| 21:45 | Crear | Villager (Male) |
| 21:45 | Crear | Villager (Male) |
| 21:46 | Crear | Villager (Male) |
| 21:46 | Crear | Villager (Male) |
| 21:46 | Crear | Villager (Male) |
| 21:51 | Construir | House |
| 22:08 | Crear | Villager (Male) |
| 22:09 | Crear | Villager (Male) |
| 22:09 | Crear | Villager (Male) |
| 22:16 | Construir | Farm |
| 22:18 | Construir | Farm |
| 22:20 | Construir | Farm |
| 22:25 | Construir | Mill |
| 22:29 | Crear | Villager (Male) |
| 22:29 | Crear | Villager (Male) |
| 22:29 | Crear | Villager (Male) |
| 22:29 | Crear | Villager (Male) |
Build order — kasap_hasan
Primeras 150 de 613 acciones detectadas
| 0:04 | Crear | Villager (Male) |
| 0:04 | Crear | Villager (Male) |
| 0:04 | Crear | Villager (Male) |
| 0:07 | Construir | House |
| 0:10 | Construir | House |
| 0:20 | Crear | Villager (Male) |
| 0:21 | Crear | Villager (Male) |
| 1:32 | Crear | Villager (Male) |
| 1:32 | Crear | Villager (Male) |
| 1:57 | Construir | Lumber Camp |
| 2:05 | Crear | Villager (Male) |
| 2:23 | Crear | Villager (Male) |
| 2:23 | Crear | Villager (Male) |
| 2:56 | Crear | Villager (Male) |
| 2:56 | Crear | Villager (Male) |
| 3:23 | Crear | Villager (Male) |
| 3:24 | Crear | Villager (Male) |
| 3:29 | Construir | Mill |
| 3:46 | Crear | Villager (Male) |
| 3:46 | Crear | Villager (Male) |
| 3:55 | Construir | House |
| 4:13 | Crear | Villager (Male) |
| 4:44 | Crear | Villager (Male) |
| 4:44 | Crear | Villager (Male) |
| 5:04 | Crear | Villager (Male) |
| 5:05 | Crear | Villager (Male) |
| 5:23 | Crear | Villager (Male) |
| 5:24 | Crear | Villager (Male) |
| 5:36 | Construir | House |
| 5:54 | Crear | Villager (Male) |
| 5:54 | Crear | Villager (Male) |
| 6:05 | Construir | House |
| 6:05 | Construir | House |
| 6:07 | Construir | House |
| 6:13 | Crear | Villager (Male) |
| 6:14 | Crear | Villager (Male) |
| 6:38 | Construir | House |
| 6:39 | Construir | House |
| 6:40 | Construir | House |
| 6:45 | Construir | House |
| 6:46 | Construir | House |
| 7:12 | Crear | Villager (Male) |
| 7:12 | Crear | Villager (Male) |
| 7:12 | Crear | Villager (Male) |
| 8:01 | Crear | Villager (Male) |
| 8:02 | Crear | Villager (Male) |
| 8:15 | Construir | Mining Camp |
| 8:56 | Investigar | Feudal Age |
| 9:48 | Crear | Villager (Male) |
| 9:48 | Crear | Villager (Male) |
| 10:14 | Edad | Edad Feudal |
| 10:17 | Construir | Market |
| 10:21 | Investigar | Double-Bit Axe |
| 10:21 | Investigar | Double-Bit Axe |
| 10:57 | Crear | Villager (Male) |
| 11:06 | Construir | Blacksmith |
| 11:31 | Crear | Villager (Male) |
| 11:49 | Investigar | Castle Age |
| 11:50 | Investigar | Castle Age |
| 12:23 | Construir | House |
| 12:34 | Investigar | Horse Collar |
| 12:34 | Investigar | Horse Collar |
| 13:08 | Crear | Villager (Male) |
| 13:09 | Crear | Villager (Male) |
| 13:18 | Construir | House |
| 13:32 | Edad | Edad de los Castillos |
| 13:37 | Construir | Town Center |
| 13:39 | Investigar | Bow Saw |
| 13:39 | Investigar | Bow Saw |
| 13:53 | Investigar | Heavy Plow |
| 13:54 | Investigar | Heavy Plow |
| 14:23 | Crear | Villager (Male) |
| 14:25 | Construir | Farm |
| 14:43 | Crear | Villager (Male) |
| 14:45 | Construir | Farm |
| 14:47 | Crear | Villager (Male) |
| 14:50 | Construir | Farm |
| 14:53 | Construir | Farm |
| 14:58 | Construir | Farm |
| 15:00 | Construir | Farm |
| 15:04 | Crear | Villager (Male) |
| 15:17 | Construir | Farm |
| 15:19 | Crear | Villager (Male) |
| 15:19 | Crear | Villager (Male) |
| 15:28 | Construir | Farm |
| 15:40 | Construir | House |
| 15:41 | Construir | House |
| 16:09 | Crear | Villager (Male) |
| 16:24 | Construir | Town Center |
| 16:27 | Crear | Villager (Male) |
| 16:27 | Crear | Villager (Male) |
| 16:28 | Crear | Villager (Male) |
| 16:28 | Crear | Villager (Male) |
| 16:32 | Construir | Farm |
| 16:34 | Construir | Farm |
| 16:48 | Construir | Farm |
| 16:52 | Construir | Farm |
| 16:56 | Crear | Villager (Male) |
| 16:56 | Crear | Villager (Male) |
| 16:57 | Crear | Villager (Male) |
| 16:57 | Crear | Villager (Male) |
| 17:05 | Construir | Farm |
| 17:09 | Construir | House |
| 17:11 | Construir | House |
| 17:12 | Construir | House |
| 17:18 | Crear | Villager (Male) |
| 17:19 | Crear | Villager (Male) |
| 17:23 | Construir | Farm |
| 17:25 | Construir | Farm |
| 17:34 | Crear | Villager (Male) |
| 17:34 | Crear | Villager (Male) |
| 17:43 | Construir | Farm |
| 17:45 | Crear | Villager (Male) |
| 17:47 | Construir | Farm |
| 18:03 | Construir | Monastery |
| 18:05 | Investigar | Loom |
| 18:06 | Investigar | Town Watch |
| 18:13 | Crear | Villager (Male) |
| 18:15 | Crear | Villager (Male) |
| 18:18 | Construir | House |
| 18:20 | Construir | House |
| 18:28 | Construir | Farm |
| 18:29 | Construir | Farm |
| 18:32 | Construir | Farm |
| 18:38 | Construir | Farm |
| 18:49 | Crear | Villager (Male) |
| 18:49 | Crear | Villager (Male) |
| 18:49 | Crear | Villager (Male) |
| 18:50 | Crear | Villager (Male) |
| 18:53 | Construir | Farm |
| 18:58 | Construir | Farm |
| 18:59 | Construir | Farm |
| 19:02 | Construir | Farm |
| 19:15 | Construir | House |
| 19:16 | Construir | House |
| 19:18 | Crear | Villager (Male) |
| 19:19 | Crear | Villager (Male) |
| 19:19 | Crear | Villager (Male) |
| 19:20 | Crear | Villager (Male) |
| 19:27 | Construir | Farm |
| 19:28 | Construir | Farm |
| 19:30 | Construir | Farm |
| 19:38 | Crear | Villager (Male) |
| 19:38 | Crear | Villager (Male) |
| 19:39 | Crear | Villager (Male) |
| 19:39 | Crear | Villager (Male) |
| 19:42 | Construir | House |
| 19:43 | Construir | House |
| 19:44 | Crear | Monk |
| 20:00 | Construir | House |
Build order — FeRcHuZ
Primeras 150 de 471 acciones detectadas
| 0:05 | Investigar | Loom |
| 0:06 | Crear | Villager (Male) |
| 0:06 | Crear | Villager (Male) |
| 0:06 | Crear | Villager (Male) |
| 0:07 | Crear | Villager (Male) |
| 0:07 | Crear | Villager (Male) |
| 0:07 | Crear | Villager (Male) |
| 0:14 | Construir | House |
| 0:16 | Construir | House |
| 0:17 | Construir | House |
| 2:30 | Crear | Villager (Male) |
| 2:41 | Construir | Mill |
| 2:55 | Construir | House |
| 2:56 | Construir | House |
| 3:26 | Crear | Villager (Male) |
| 3:54 | Crear | Villager (Male) |
| 4:24 | Crear | Villager (Male) |
| 4:24 | Crear | Villager (Male) |
| 4:54 | Crear | Villager (Male) |
| 5:17 | Crear | Villager (Male) |
| 5:36 | Crear | Villager (Male) |
| 6:03 | Construir | Lumber Camp |
| 6:11 | Crear | Villager (Male) |
| 6:36 | Crear | Villager (Male) |
| 6:56 | Crear | Villager (Male) |
| 7:18 | Crear | Villager (Male) |
| 7:48 | Crear | Villager (Male) |
| 7:51 | Crear | Villager (Male) |
| 7:57 | Construir | Mining Camp |
| 8:10 | Crear | Villager (Male) |
| 8:26 | Construir | House |
| 8:28 | Construir | House |
| 8:50 | Crear | Villager (Male) |
| 9:00 | Crear | Villager (Male) |
| 9:19 | Crear | Villager (Male) |
| 9:22 | Construir | House |
| 9:38 | Construir | Mining Camp |
| 9:47 | Crear | Villager (Male) |
| 10:17 | Crear | Villager (Male) |
| 10:26 | Construir | Mining Camp |
| 10:32 | Construir | House |
| 10:34 | Construir | House |
| 10:41 | Crear | Villager (Male) |
| 11:08 | Construir | Mining Camp |
| 11:30 | Crear | Villager (Male) |
| 11:53 | Construir | House |
| 11:54 | Construir | House |
| 11:55 | Construir | House |
| 11:56 | Construir | House |
| 12:07 | Crear | Villager (Male) |
| 12:07 | Crear | Villager (Male) |
| 13:17 | Construir | House |
| 13:18 | Construir | House |
| 13:19 | Construir | House |
| 13:56 | Construir | Farm |
| 13:57 | Construir | Farm |
| 13:58 | Construir | Farm |
| 14:03 | Construir | Farm |
| 14:04 | Construir | Farm |
| 14:12 | Construir | Farm |
| 15:15 | Construir | House |
| 15:16 | Construir | House |
| 15:20 | Construir | Barracks |
| 15:30 | Construir | Farm |
| 15:32 | Investigar | Feudal Age |
| 16:31 | Construir | House |
| 16:32 | Construir | House |
| 16:33 | Construir | House |
| 16:34 | Construir | House |
| 16:35 | Construir | House |
| 16:36 | Construir | House |
| 16:37 | Construir | House |
| 16:54 | Crear | Villager (Male) |
| 16:54 | Crear | Villager (Male) |
| 16:54 | Crear | Villager (Male) |
| 16:55 | Crear | Villager (Male) |
| 17:42 | Edad | Edad Feudal |
| 17:58 | Construir | Market |
| 18:01 | Construir | Market |
| 18:10 | Construir | Market |
| 18:19 | Crear | Villager (Male) |
| 18:19 | Crear | Villager (Male) |
| 18:23 | Investigar | Town Watch |
| 18:27 | Investigar | Horse Collar |
| 18:41 | Construir | Farm |
| 18:54 | Investigar | Double-Bit Axe |
| 18:59 | Construir | Farm |
| 19:24 | Construir | Farm |
| 19:27 | Crear | Villager (Male) |
| 19:27 | Crear | Villager (Male) |
| 19:55 | Investigar | Stone Mining |
| 20:15 | Construir | Farm |
| 20:25 | Investigar | Gold Mining |
| 20:32 | Crear | Villager (Male) |
| 20:41 | Construir | Archery Range |
| 20:42 | Construir | House |
| 20:57 | Construir | Market |
| 21:06 | Construir | Farm |
| 21:27 | Crear | Villager (Male) |
| 21:27 | Crear | Villager (Male) |
| 21:28 | Crear | Villager (Male) |
| 21:29 | Crear | Villager (Male) |
| 21:29 | Crear | Villager (Male) |
| 21:32 | Construir | House |
| 21:37 | Construir | House |
| 21:56 | Construir | Farm |
| 22:04 | Construir | Lumber Camp |
| 22:16 | Investigar | Wheelbarrow |
| 22:19 | Construir | Farm |
| 22:40 | Construir | House |
| 22:41 | Construir | House |
| 22:42 | Construir | House |
| 22:43 | Construir | House |
| 22:48 | Construir | House |
| 22:49 | Construir | House |
| 22:50 | Construir | House |
| 22:51 | Construir | House |
| 22:52 | Construir | House |
| 22:54 | Construir | House |
| 22:55 | Construir | House |
| 22:57 | Construir | House |
| 22:58 | Construir | House |
| 23:00 | Construir | House |
| 23:09 | Crear | Villager (Male) |
| 23:10 | Crear | Villager (Male) |
| 23:10 | Crear | Villager (Male) |
| 23:10 | Crear | Villager (Male) |
| 23:10 | Crear | Villager (Male) |
| 23:11 | Crear | Villager (Male) |
| 23:28 | Crear | Trade Cart |
| 23:28 | Crear | Trade Cart |
| 23:59 | Investigar | Arson |
| 24:02 | Investigar | Man-at-Arms (upgrade) |
| 24:25 | Construir | Farm |
| 24:40 | Crear | Villager (Male) |
| 24:40 | Crear | Villager (Male) |
| 24:50 | Construir | Farm |
| 25:16 | Construir | Farm |
| 25:32 | Crear | Villager (Male) |
| 25:32 | Crear | Villager (Male) |
| 25:40 | Construir | Farm |
| 26:05 | Construir | Farm |
| 26:30 | Construir | Farm |
| 26:49 | Crear | Villager (Male) |
| 26:49 | Crear | Villager (Male) |
| 26:55 | Construir | Farm |
| 27:16 | Investigar | Castle Age |
| 27:29 | Construir | Farm |
| 27:37 | Crear | Villager (Male) |
| 27:37 | Crear | Villager (Male) |
Build order — felipeMT
Primeras 150 de 578 acciones detectadas
| 0:06 | Construir | House |
| 0:07 | Construir | House |
| 0:08 | Crear | Villager (Male) |
| 1:02 | Crear | Villager (Male) |
| 1:13 | Crear | Villager (Male) |
| 1:31 | Crear | Villager (Male) |
| 2:07 | Crear | Villager (Male) |
| 2:42 | Crear | Villager (Male) |
| 3:07 | Crear | Villager (Male) |
| 3:31 | Crear | Villager (Male) |
| 3:51 | Investigar | Loom |
| 3:53 | Crear | Villager (Male) |
| 4:04 | Construir | House |
| 4:23 | Construir | Mill |
| 4:40 | Crear | Villager (Male) |
| 4:53 | Crear | Villager (Male) |
| 5:40 | Crear | Villager (Male) |
| 6:12 | Crear | Villager (Male) |
| 6:13 | Crear | Villager (Male) |
| 6:23 | Crear | Villager (Male) |
| 7:11 | Crear | Villager (Male) |
| 7:29 | Construir | Lumber Camp |
| 7:56 | Construir | House |
| 8:02 | Crear | Villager (Male) |
| 8:03 | Crear | Villager (Male) |
| 8:42 | Investigar | Feudal Age |
| 8:54 | Crear | Villager (Male) |
| 9:19 | Construir | House |
| 9:27 | Construir | House |
| 10:21 | Construir | Farm |
| 10:50 | Construir | House |
| 10:54 | Edad | Edad Feudal |
| 11:11 | Crear | Villager (Male) |
| 11:21 | Construir | Market |
| 11:38 | Crear | Villager (Male) |
| 11:50 | Construir | Farm |
| 11:54 | Crear | Villager (Male) |
| 12:13 | Crear | Villager (Male) |
| 12:27 | Construir | Blacksmith |
| 12:42 | Construir | Mining Camp |
| 12:47 | Crear | Villager (Male) |
| 13:01 | Construir | Farm |
| 13:06 | Crear | Villager (Male) |
| 13:22 | Construir | Farm |
| 13:36 | Crear | Villager (Male) |
| 13:59 | Crear | Villager (Male) |
| 14:20 | Crear | Villager (Male) |
| 14:27 | Construir | Farm |
| 15:15 | Crear | Trade Cart |
| 15:51 | Investigar | Castle Age |
| 17:44 | Construir | Barracks |
| 18:03 | Investigar | Horse Collar |
| 18:06 | Investigar | Double-Bit Axe |
| 18:15 | Investigar | Scale Mail Armor |
| 18:24 | Crear | Trade Cart |
| 18:31 | Edad | Edad de los Castillos |
| 18:42 | Crear | Trade Cart |
| 18:46 | Crear | Trade Cart |
| 18:49 | Crear | Villager (Male) |
| 18:49 | Crear | Villager (Male) |
| 19:11 | Construir | Town Center |
| 19:19 | Crear | Villager (Male) |
| 19:26 | Construir | Farm |
| 19:52 | Construir | House |
| 19:54 | Construir | House |
| 19:59 | Crear | Villager (Male) |
| 20:23 | Construir | Town Center |
| 20:32 | Construir | Farm |
| 20:34 | Crear | Villager (Male) |
| 20:34 | Crear | Villager (Male) |
| 20:53 | Construir | Farm |
| 21:01 | Crear | Trade Cart |
| 21:14 | Construir | House |
| 21:19 | Construir | House |
| 21:22 | Construir | House |
| 21:26 | Crear | Villager (Male) |
| 21:27 | Crear | Villager (Male) |
| 21:27 | Crear | Villager (Male) |
| 21:35 | Investigar | Wheelbarrow |
| 21:50 | Construir | Farm |
| 21:57 | Construir | Farm |
| 22:07 | Crear | Trade Cart |
| 22:25 | Crear | Villager (Male) |
| 22:28 | Crear | Villager (Male) |
| 22:29 | Crear | Villager (Male) |
| 22:35 | Crear | Villager (Male) |
| 22:43 | Construir | Farm |
| 22:47 | Construir | Farm |
| 22:55 | Construir | Farm |
| 22:57 | Crear | Trade Cart |
| 23:02 | Crear | Villager (Male) |
| 23:02 | Crear | Villager (Male) |
| 23:14 | Crear | Villager (Male) |
| 23:14 | Crear | Villager (Male) |
| 23:27 | Construir | House |
| 23:36 | Crear | Villager (Male) |
| 23:37 | Crear | Villager (Male) |
| 23:37 | Crear | Villager (Male) |
| 23:53 | Construir | Farm |
| 24:05 | Construir | House |
| 24:09 | Crear | Villager (Male) |
| 24:15 | Crear | Villager (Male) |
| 24:16 | Crear | Villager (Male) |
| 24:17 | Crear | Villager (Male) |
| 24:26 | Construir | Town Center |
| 24:28 | Crear | Villager (Male) |
| 24:35 | Construir | Farm |
| 24:38 | Construir | Farm |
| 24:45 | Construir | House |
| 24:52 | Crear | Trade Cart |
| 25:09 | Construir | Market |
| 25:12 | Crear | Villager (Male) |
| 25:13 | Crear | Villager (Male) |
| 25:13 | Crear | Villager (Male) |
| 25:13 | Crear | Villager (Male) |
| 25:14 | Crear | Villager (Male) |
| 25:38 | Crear | Villager (Male) |
| 25:45 | Construir | House |
| 25:46 | Construir | House |
| 25:55 | Crear | Villager (Male) |
| 26:09 | Construir | Town Center |
| 26:11 | Crear | Villager (Male) |
| 26:12 | Crear | Villager (Male) |
| 26:12 | Crear | Villager (Male) |
| 26:13 | Crear | Villager (Male) |
| 26:13 | Crear | Villager (Male) |
| 26:24 | Investigar | Bow Saw |
| 26:30 | Investigar | Heavy Plow |
| 26:35 | Crear | Villager (Male) |
| 26:35 | Crear | Villager (Male) |
| 26:43 | Crear | Trade Cart |
| 26:44 | Crear | Trade Cart |
| 26:59 | Crear | Villager (Male) |
| 26:59 | Crear | Villager (Male) |
| 27:00 | Crear | Villager (Male) |
| 27:00 | Crear | Villager (Male) |
| 27:04 | Construir | House |
| 27:06 | Construir | House |
| 27:08 | Crear | Villager (Male) |
| 27:09 | Crear | Villager (Male) |
| 27:17 | Construir | Farm |
| 27:18 | Construir | Farm |
| 27:21 | Construir | Farm |
| 27:23 | Crear | Villager (Male) |
| 27:24 | Crear | Villager (Male) |
| 27:24 | Crear | Villager (Male) |
| 27:41 | Crear | Villager (Male) |
| 27:41 | Crear | Villager (Male) |
| 27:47 | Construir | Farm |
| 27:51 | Construir | Farm |
Cronología de la partida
| 10:14 | kasap_hasan · age_up feudal |
| 10:39 | kyk0 · age_up feudal |
| 10:54 | felipeMT · age_up feudal |
| 11:01 | AK47 · age_up feudal |
| 11:05 | 403 · first_building Barracks |
| 11:12 | 403 · age_up feudal |
| 11:18 | WoolenRex608259 · age_up feudal |
| 11:28 | NightmarE · age_up feudal |
| 12:23 | 403 · wall_segment Stone Wall x23 |
| 12:53 | 403 · wall_segment Stone Wall x3 |
| 13:32 | kasap_hasan · age_up castle |
| 14:37 | AK47 · age_up castle |
| 15:18 | kyk0 · age_up castle |
| 15:20 | FeRcHuZ · first_building Barracks |
| 15:21 | 403 · first_market_sell 100 wood |
| 15:22 | 403 · first_market_buy 100 food |
| 15:31 | NightmarE · age_up castle |
| 15:35 | WoolenRex608259 · wall_segment Stone Wall x10 |
| 16:04 | WoolenRex608259 · age_up castle |
| 16:38 | kasap_hasan · first_market_buy 100 stone |
| 17:22 | WoolenRex608259 · wall_segment Stone Wall x21 |
| 17:42 | FeRcHuZ · age_up feudal |
| 17:42 | AK47 · first_market_buy 100 stone |
| 17:44 | felipeMT · first_building Barracks |
| 18:03 | kasap_hasan · first_building Monastery |
| 18:16 | 403 · age_up castle |
| 18:31 | felipeMT · age_up castle |
| 19:13 | WoolenRex608259 · wall_segment Stone Wall x6 |
| 19:36 | NightmarE · first_building Monastery |
| 20:04 | felipeMT · first_market_buy 100 wood |
| 20:41 | FeRcHuZ · first_building Archery Range |
| 22:48 | WoolenRex608259 · first_building Monastery |
| 23:37 | kasap_hasan · first_building Barracks |
| 24:05 | NightmarE · first_market_buy 100 stone |
| 24:59 | kasap_hasan · first_building Siege Workshop |
| 25:00 | WoolenRex608259 · first_building Barracks |
| 26:15 | AK47 · first_building Monastery |
| 26:23 | 403 · first_building Castle |
| 26:46 | NightmarE · first_building Barracks |
| 27:00 | WoolenRex608259 · first_building Castle |
| 27:15 | kasap_hasan · first_building Archery Range |
| 27:36 | AK47 · first_building Castle |
| 28:00 | felipeMT · first_building Monastery |
| 28:04 | kyk0 · first_market_sell 500 wood |
| 28:28 | kyk0 · first_building Siege Workshop |
| 28:40 | felipeMT · first_building Archery Range |
| 28:40 | kasap_hasan · first_building Castle |
| 28:54 | NightmarE · first_building Siege Workshop |
| 28:54 | 403 · first_building Archery Range |
| 29:03 | WoolenRex608259 · first_building Siege Workshop |
| 29:09 | kasap_hasan · age_up imperial |
| 29:39 | kyk0 · first_building Castle |
| 29:46 | 403 · first_building Siege Workshop |
| 29:52 | kyk0 · first_building Barracks |
| 30:11 | WoolenRex608259 · first_building Stable |
| 30:19 | AK47 · age_up imperial |
| 30:38 | NightmarE · age_up imperial |
| 30:47 | FeRcHuZ · age_up castle |
| 30:50 | felipeMT · first_building Castle |
| 30:56 | NightmarE · first_building Castle |
| 30:57 | kyk0 · first_building Stable |
| 32:11 | felipeMT · first_building Stable |
| 32:14 | kyk0 · age_up imperial |
| 33:27 | AK47 · first_building Siege Workshop |
| 33:52 | NightmarE · first_building Archery Range |
| 34:39 | kasap_hasan · first_market_sell 500 food |
| 34:52 | WoolenRex608259 · age_up imperial |
| 35:36 | 403 · first_building Stable |
| 36:54 | 403 · age_up imperial |
| 39:14 | FeRcHuZ · first_building Castle |
| 39:17 | felipeMT · age_up imperial |
| 40:06 | NightmarE · tribute_sent a jugador 2 |
| 40:06 | NightmarE · tribute_sent a jugador 3 |
| 40:06 | NightmarE · tribute_sent a jugador 4 |
| 40:06 | NightmarE · tribute_sent a jugador 5 |
| 40:06 | NightmarE · tribute_sent a jugador 6 |
| 40:06 | NightmarE · tribute_sent a jugador 7 |
| 40:06 | NightmarE · tribute_sent a jugador 8 |
| 43:30 | AK47 · first_market_sell 500 food |
| 44:15 | FeRcHuZ · first_market_buy 100 stone |
| 45:09 | FeRcHuZ · age_up imperial |
| 47:19 | FeRcHuZ · first_market_sell 100 wood |
| 47:51 | 403 · tribute_sent a jugador 1 |
| 47:51 | 403 · tribute_sent a jugador 2 |
| 47:51 | 403 · tribute_sent a jugador 4 |
| 47:51 | 403 · tribute_sent a jugador 5 |
| 47:51 | 403 · tribute_sent a jugador 6 |
| 47:51 | 403 · tribute_sent a jugador 7 |
| 47:51 | 403 · tribute_sent a jugador 8 |
| 48:27 | kasap_hasan · resign |
[ ANÁLISIS IA · 1 CRÉDITO ]
¿Qué pasó realmente en esta partida?
Wolo.gg analiza cada decisión: build order, eco, micro, errores típicos por bracket. Análisis personalizado por WhatsApp o Discord en 30 segundos.
Guía civ
Españoles
Guía mapa
Amazon Tunnel
Perfil
Jugador #2379161